 Dungeon Crawl Stone Soup version 0.20.1-1-g8b1a95d66d (webtiles) character file.

259 Gargoyl the Skirmisher (level 5, -3/46 HPs)
             Began as a Centaur Abyssal Knight on Nov 24, 2017.
             Was a Priest of Lugonu.
             Killed by divine providence
             ... invoked by an orc priest
              (12 damage)
             ... on level 4 of the Dungeon.
             The game lasted 00:05:00 (2841 turns).

Gargoyl the Skirmisher (Centaur Abyssal Knight)     Turns: 2841, Time: 00:05:00

Health: -3/46      AC: 10    Str: 14    XL:     5   Next: 94%
Magic:  8/8        EV:  7    Int: 11    God:    Lugonu [***...]
Gold:   151        SH:  0    Dex: 10    Spells: 4/4 levels left

rFire    . . .     SeeInvis .   a - +2 hand axe
rCold    + . .     Gourm    .   (no shield)
rNeg     . . .     Faith    .   n - +2 scale mail {rPois}
rPois    +         Spirit   .   (no helmet)
rElec    .         Reflect  .   (no cloak)
rCorr    .         Harm     .   (no gloves)
MR       +....                  (no barding)
Stlth    ..........             (no amulet)
Regen    0.2/turn               (no ring)
MPRegen  0.2/turn               s - ring of protection from cold

@: confused, very quick
A: hooves 3, iridescent scales 1, deformed body, speed 2, high mp 1, magic
resistance 1, tough skin 3
a: Depart the Abyss, Bend Space, Banish, Renounce Religion


You were on level 4 of the Dungeon.
You worshipped Lugonu.
Lugonu was most pleased with you.
You were hungry.

You visited 1 branch of the dungeon, and saw 4 of its levels.
You visited the Abyss 1 time.

You collected 151 gold pieces.

Inventory:

Hand Weapons
 a - a +2 hand axe (weapon)
Missiles
 b - 8 tomahawks (quivered)
Armour
 n - a +2 scale mail of poison resistance (worn)
Jewellery
 r - an uncursed ring of flight
 s - a ring of protection from cold (right hand)
Scrolls
 d - a scroll of identify
 e - a scroll of amnesia {unknown}
 m - a scroll of teleportation {unknown}
 q - a scroll of remove curse {unknown}
 t - a scroll of enchant weapon
Potions
 f - a potion of brilliance
 h - 2 potions of haste
 j - a potion of curing
 k - a potion of ambrosia
Comestibles
 c - a bread ration
 g - a meat ration
 i - 5 fruits
 l - 2 royal jellies


   Skills:
 + Level 4.2 Fighting
 + Level 3.5 Axes
 * Level 2.3 Armour
 + Level 1.1 Dodging
 * Level 3.3 Invocations


You had 4 spell levels left.
You didn't know any spells.

Dungeon Overview and Level Annotations

Branches:
Dungeon (4/15)
 Temple: D:4-7

Altars:
Cheibriados
Elyvilon
Gozag
Hepliaklqana
Kikubaaqudgha
Ru
Uskayaw
Yredelemnul


Innate Abilities, Weirdness & Mutations

You have hooves in place of feet.
Armour fits poorly on your strangely shaped body.
You cover ground very quickly.
You have extremely tough skin. (AC +3)
You are partially covered in iridescent scales. (AC +2)
You have an increased reservoir of magic. (+10% MP)
You are resistant to hostile enchantments. (MR+)


Message History

You feel less wooden.
Your +2 scale mail of poison resistance unmelds from your body.
You feel resistant to poison. The adder skeleton bites you.
* * * LOW HITPOINT WARNING * * *
The orc priest completely misses you.
You are confused.
You feel invigorated.
The adder skeleton bites you but does no damage.
The orc priest hits you with a mace.
* * * LOW HITPOINT WARNING * * *
Found a scroll labeled DUILOA KAD ARI.
Things that are here:
a dagger; an orc corpse You hit the orc priest but do no damage.
Your kick misses the orc priest.
The orc priest is moderately wounded.
You closely miss the adder skeleton.
The orc priest invokes the aid of Beogh against you.
Beogh smites you!
You die...

#.........#
#.........#
#.........#
#.........####
#............
##..........#
#...........#
#.....@o)...#
#....##Z...##
#.?. ##.†..###
##. #.......#
# #.......#
#..?....#
#.......#
#......<#
#.......#


You could see an orc priest and an adder skeleton.

Vanquished Creatures
  A hound (D:3)
  A jelly (D:3)
  Jessica (D:2)
  Terence (D:2)
  A killer bee zombie (D:3)
  5 adders
  An ooze (D:2)
  3 worms (D:2)
  2 leopard geckos
  4 orcs (D:4)
  4 giant cockroaches
  4 goblins
  5 hobgoblins
  3 jackals (D:3)
  7 kobolds
  4 quokkas
  A ball python (D:1)
  A bat (D:1)
  2 frilled lizards (D:2)
  18 rats
69 creatures vanquished.

Notes
Turn   | Place    | Note
-------+----------+-------------------------------------------
     0 | Abyss:1  | Gargoyl the Centaur Abyssal Knight began the quest for the Orb.
     0 | Abyss:1  | Reached XP level 1. HP: 19/19 MP: 2/2
    47 | Abyss:1  | Gained mutation: You are partially covered in iridescent scales. (AC +2) [potion of mutation]
    47 | Abyss:1  | Gained mutation: You are resistant to hostile enchantments. (MR+) [potion of mutation]
    47 | Abyss:1  | Gained mutation: You have an increased reservoir of magic. (+10% MP) [potion of mutation]
    93 | Abyss:1  | Noticed a smoke demon
    94 | D:1      | Escaped the Abyss
   326 | D:1      | Reached * piety under Lugonu
   336 | D:1      | Reached XP level 2. HP: 16/26 MP: 3/3
   823 | D:1      | Reached ** piety under Lugonu
   835 | D:1      | Reached XP level 3. HP: 31/31 MP: 5/5
  1202 | D:2      | Noticed Jessica
  1207 | D:2      | Killed Jessica
  1297 | D:2      | Reached XP level 4. HP: 40/40 MP: 6/6
  1323 | D:2      | Noticed Terence
  1344 | D:2      | Killed Terence
  1344 | D:2      | Reached skill level 4 in Fighting
  1450 | D:2      | Found a sacrificial altar of Ru.
  1450 | D:2      | Found an ancient bone altar of Kikubaaqudgha.
  1450 | D:2      | Found a hazy altar of Hepliaklqana.
  1451 | D:2      | Found an opulent altar of Gozag.
  1474 | D:2      | Found a snail-covered altar of Cheibriados.
  1474 | D:2      | Found a basalt altar of Yredelemnul.
  1474 | D:2      | Found a white marble altar of Elyvilon.
  1586 | D:2      | Found a hide-covered altar of Uskayaw.
  1655 | D:2      | Found a white marble altar of Elyvilon.
  2010 | D:3      | Reached XP level 5. HP: 39/46 MP: 7/7
  2657 | D:3      | Reached skill level 1 in Dodging
  2835 | D:4      | Reached *** piety under Lugonu
  2839 | D:4      | HP: 2/46 [orc priest/mace (6)]
  2841 | D:4      | Killed from afar by an orc priest

Skill      XL: |  1  2  3  4  5 |
---------------+----------------+-----
Axes           | 2 3 |  3.5
Fighting       | 4 |  4.2
Armour         | 2 |  2.3
Invocations    | 3 |  3.3
Dodging        | 1 |  1.1

Action                   |  1- 3 |  4- 6 || total
-------------------------+-------+-------++-------
Melee: Hand axe          |    65 |   115 ||   180
       Kick              |    14 |    22 ||    36
Invok: Depart the Abyss  |     1 |       ||     1
  Use: Potion            |     1 |     4 ||     5
       Scroll            |       |    12 ||    12
  Eat: Chunk             |       |     4 ||     4
Armor: Leather armour    |    18 |       ||    18
       Ring mail         |     8 |     9 ||    17
       Scale mail        |       |    57 ||    57
       Skin              |       |     8 ||     8
Dodge: Dodged            |    35 |    64 ||    99
